MLB
SAN FRANCISCO GIANTS @ LOS ANGELES DODGERS
08/06/2049
 
TOP OF THE 1ST
San Francisco Giants batting - Pitching for Los Angeles Dodgers : LHP Gavin White
Pitching: LHP Gavin White
Batting: RHB Philip Jansen 0-0: Ball
1-0: Called Strike
1-1: Ball
2-1: Foul Ball, location: 2F
2-2: Strikes out swinging
Batting: LHB Carey Horncole 0-0: Called Strike
0-1: Ball
1-1: Ball
2-1: Called Strike
2-2: Strikes out looking
Batting: RHB Sean Zielinski 0-0: Called Strike
0-1: Ball
1-1: Ball
2-1: Swinging Strike
2-2: Strikes out looking
Top of the 1st over - 0 runs, 0 hits, 0 errors, 0 left on base; San Francisco 0 - Los Angeles 0
BOTTOM OF THE 1ST
Los Angeles Dodgers batting - Pitching for San Francisco Giants : RHP Curt Howland
Pitching: RHP Curt Howland
Batting: RHB Clay Buchanan 0-0: SINGLE (Flyball, 6MD, EV 85.6 MPH)
Batting: SHB Joel Baker 0-0: Ball
1-0: Ball
2-0: Called Strike
2-1: Ground out 4-3 (Groundball, 34, EV 104.4 MPH)
Clay Buchanan to second
Batting: LHB Lirak Bazhunaishvili 0-0: Ball
1-0: Called Strike
1-1: SINGLE (Line Drive, 34D, EV 110.6 MPH)
Clay Buchanan to third
Batting: SHB Shane Marcum 0-0: Called Strike
0-1: Called Strike
Lirak Bazhunaishvili steals 2nd base
0-2: Ball
1-2: SINGLE (Line Drive, 34D, EV 102.5 MPH)
Clay Buchanan scores
Lirak Bazhunaishvili to third
Runner from 3rd tries for Home, SAFE, throw by RF to home
Shane Marcum to second
Batting: RHB Danny Dyer 0-0: Ball
1-0: Fly out, F8 (Flyball, 8RM, EV 75.6 MPH)
Batting: RHB Tsutomu Irie 0-0: Ball
1-0: Foul Ball, location: 2F
1-1: Ground out 5-3 (Groundball, 56, EV 106.9 MPH)
Bottom of the 1st over - 2 runs, 3 hits, 0 errors, 1 left on base; San Francisco 0 - Los Angeles 2
TOP OF THE 2ND
San Francisco Giants batting - Pitching for Los Angeles Dodgers : LHP Gavin White
Batting: LHB Jack Henningar 0-0: Ball
1-0: Ball
2-0: Ball
3-0: Base on Balls
Batting: RHB Lucan Esini 0-0: Ball
1-0: DOUBLE (Line Drive, 9LS, EV 98.8 MPH)
Jack Henningar to third
Runner from 3rd tries for Home, SAFE, throw by RF to trailing runner, SAFE at third!
Batting: SHB Ryan Doss 0-0: Called Strike
0-1: Ball
1-1: Ball
2-1: Foul Ball, location: 2F
2-2: Ball
3-2: Strikes out swinging
Batting: RHB Nate Hodson 0-0: Foul Ball, location: 2F
0-1: Swinging Strike
0-2: Strikes out looking
Batting: SHB Bill Dooms 0-0: Ball
1-0: Ground out 1-3 (Groundball, 13S, EV 68.8 MPH)
Top of the 2nd over - 1 run, 1 hit, 0 errors, 1 left on base; San Francisco 1 - Los Angeles 2
BOTTOM OF THE 2ND
Los Angeles Dodgers batting - Pitching for San Francisco Giants : RHP Curt Howland
Batting: RHB John Piccolo 0-0: Ball
1-0: Called Strike
1-1: Swinging Strike
1-2: Strikes out swinging
Batting: SHB Benjamin Brown 0-0: Ball
1-0: Foul Ball, location: 2F
1-1: Ball
2-1: Swinging Strike
2-2: Ball
3-2: Strikes out swinging
Batting: RHB Wing-kit Bu 0-0: Called Strike
0-1: Foul Ball, location: 2F
0-2: Foul Ball, location: 2F
0-2: Ball
1-2: Strikes out swinging
Bottom of the 2nd over - 0 runs, 0 hits, 0 errors, 0 left on base; San Francisco 1 - Los Angeles 2
TOP OF THE 3RD
San Francisco Giants batting - Pitching for Los Angeles Dodgers : LHP Gavin White
Batting: LHB Mason Duffy 0-0: Called Strike
0-1: Foul Ball, location: 2F
0-2: Ball
1-2: Ball
2-2: Foul Ball, location: 2F
2-2: Strikes out looking
Batting: RHB Philip Jansen 0-0: Ball
1-0: Called Strike
1-1: Fly out, F8 (Flyball, 8RD, EV 91.2 MPH)
Batting: LHB Carey Horncole 0-0: Ground out 5-3 (Groundball, 56S, EV 63.1 MPH)
Top of the 3rd over - 0 runs, 0 hits, 0 errors, 0 left on base; San Francisco 1 - Los Angeles 2
BOTTOM OF THE 3RD
Los Angeles Dodgers batting - Pitching for San Francisco Giants : RHP Curt Howland
Batting: RHB Clay Buchanan 0-0: Ball
1-0: Ground out 4-3 (Groundball, 4S, EV 94.4 MPH)
Batting: SHB Joel Baker 0-0: Ball
1-0: Ball
2-0: Ball
3-0: Called Strike
3-1: Foul Ball, location: 2F
3-2: Foul Ball, location: 2F
3-2: Foul Ball, location: 2F
3-2: Foul Ball, location: 2F
3-2: Strikes out swinging
Batting: LHB Lirak Bazhunaishvili 0-0: Ball
1-0: Ball
2-0: Called Strike
2-1: Fly out, F7 (Flyball, 78M, EV 83.1 MPH)
Bottom of the 3rd over - 0 runs, 0 hits, 0 errors, 0 left on base; San Francisco 1 - Los Angeles 2
TOP OF THE 4TH
San Francisco Giants batting - Pitching for Los Angeles Dodgers : LHP Gavin White
Batting: RHB Sean Zielinski 0-0: Ball
1-0: Ground out 5-3 (Groundball, 56S, EV 66.9 MPH)
Batting: LHB Jack Henningar 0-0: Ball
1-0: Ball
2-0: Ball
3-0: Called Strike
3-1: Base on Balls
Batting: RHB Lucan Esini 0-0: Ball
Wild Pitch!
Jack Henningar to second
1-0: Called Strike
1-1: Hit by Pitch
Batting: SHB Ryan Doss 0-0: Ball
1-0: Ball
2-0: Called Strike
2-1: Foul Ball, location: 2F
2-2: Ball
3-2: DOUBLE (Flyball, 7LD, EV 111.2 MPH)
Jack Henningar scores
Lucan Esini to third
Batting: RHB Nate Hodson 0-0: Swinging Strike
0-1: Called Strike
0-2: Ball
1-2: Ball
2-2: Ball
3-2: SINGLE (Line Drive, 34D, EV 98.8 MPH)
Lucan Esini scores
Ryan Doss to third
Batting: SHB Bill Dooms 0-0: Ball
1-0: Called Strike
Pickoff Throw to First - Error! E1
Ryan Doss scores
Nate Hodson to second
1-1: Ball
2-1: Ball
3-1: Base on Balls
Batting: LHB Mason Duffy 0-0: Ball
1-0: Foul Ball, location: 2F
1-1: Ball
2-1: Ball
3-1: Grounds into double play, 4-6-3 (Groundball, 4, EV 81.9 MPH)
Top of the 4th over - 3 runs, 2 hits, 1 error, 1 left on base; San Francisco 4 - Los Angeles 2
BOTTOM OF THE 4TH
Los Angeles Dodgers batting - Pitching for San Francisco Giants : RHP Curt Howland
Batting: SHB Shane Marcum 0-0: Swinging Strike
0-1: Ball
1-1: Foul Ball, location: 2F
1-2: Ball
2-2: Strikes out swinging
Batting: RHB Danny Dyer 0-0: Called Strike
0-1: Ball
1-1: Ball
2-1: Swinging Strike
2-2: Strikes out swinging
Batting: RHB Tsutomu Irie 0-0: Ball
1-0: Swinging Strike
1-1: Swinging Strike
1-2: Foul Ball, location: 2F
1-2: SINGLE (Groundball, 6MD, EV 100.6 MPH)
Batting: RHB John Piccolo 0-0: Called Strike
0-1: Fielders Choice at 2nd, U4 (Groundball, 4M, EV 95.6 MPH)
Bottom of the 4th over - 0 runs, 1 hit, 0 errors, 1 left on base; San Francisco 4 - Los Angeles 2
TOP OF THE 5TH
San Francisco Giants batting - Pitching for Los Angeles Dodgers : LHP Gavin White
Batting: RHB Philip Jansen 0-0: Ground out 6-3 (Groundball, 6, EV 80.0 MPH)
Batting: LHB Carey Horncole 0-0: Fly out, F8 (Line Drive, 8LD, EV 90.6 MPH)
Batting: RHB Sean Zielinski 0-0: Foul Ball, location: 2F
0-1: Foul Ball, location: 2F
0-2: Ball
1-2: Ball
2-2: SOLO HOME RUN (Line Drive, 78XD, EV 117.5 MPH), Distance : 475 ft
Batting: LHB Jack Henningar 0-0: Ball
1-0: Ball
2-0: Called Strike
2-1: Foul Ball, location: 2F
2-2: Ball
3-2: Fly out, F9 (Flyball, 89S, EV 94.4 MPH)
Top of the 5th over - 1 run, 1 hit, 0 errors, 0 left on base; San Francisco 5 - Los Angeles 2
BOTTOM OF THE 5TH
Los Angeles Dodgers batting - Pitching for San Francisco Giants : RHP Curt Howland
Batting: SHB Benjamin Brown 0-0: Ball
1-0: Swinging Strike
1-1: Foul Ball, location: 2F
1-2: Ball
2-2: Strikes out swinging
Batting: RHB Wing-kit Bu 0-0: Ball
1-0: Foul Ball, location: 2F
1-1: Swinging Strike
1-2: Ball
2-2: Foul Ball, location: 2F
2-2: Ball
3-2: Foul Ball, location: 2F
3-2: Foul Ball, location: 2F
3-2: Strikes out looking
Batting: RHB Clay Buchanan 0-0: Called Strike
0-1: Ball
1-1: Ball
2-1: Ground out 4-3 (Groundball, 4M, EV 89.4 MPH)
Bottom of the 5th over - 0 runs, 0 hits, 0 errors, 0 left on base; San Francisco 5 - Los Angeles 2
TOP OF THE 6TH
San Francisco Giants batting - Pitching for Los Angeles Dodgers : LHP Gavin White
Pitching: RHP Craig Fallon
Batting: RHB Lucan Esini 0-0: Foul Ball, location: 2F
0-1: Called Strike
0-2: Ball
1-2: Ball
2-2: Strikes out swinging
Batting: SHB Ryan Doss 0-0: Ball
1-0: Ball
2-0: Called Strike
2-1: Ground out U3 (Groundball, 3L, EV 86.2 MPH)
Batting: RHB Nate Hodson 0-0: Called Strike
0-1: Swinging Strike
0-2: Foul Ball, location: 2F
0-2: Strikes out looking
Top of the 6th over - 0 runs, 0 hits, 0 errors, 0 left on base; San Francisco 5 - Los Angeles 2
BOTTOM OF THE 6TH
Los Angeles Dodgers batting - Pitching for San Francisco Giants : RHP Curt Howland
Batting: SHB Joel Baker 0-0: Called Strike
0-1: Ball
1-1: Ball
2-1: Ball
3-1: Foul Ball, location: 2F
3-2: Base on Balls
Batting: LHB Lirak Bazhunaishvili 0-0: Ball
1-0: Ball
2-0: Called Strike
Joel Baker steals 2nd base
2-1: Ball
3-1: Base on Balls
Batting: SHB Shane Marcum 0-0: Ball
1-0: Ball
2-0: Called Strike
2-1: Called Strike
2-2: Ball
3-2: SINGLE (Groundball, 3S, EV 68.1 MPH) (infield hit)
Joel Baker to third
Lirak Bazhunaishvili to second
Batting: RHB Danny Dyer 0-0: Called Strike
0-1: Foul Ball, location: 2F
0-2: Ball
1-2: Strikes out swinging
Batting: RHB Tsutomu Irie 0-0: Called Strike
0-1: Grounds into double play, 5-2-3 (Groundball, 5, EV 108.8 MPH)
Bottom of the 6th over - 0 runs, 1 hit, 0 errors, 2 left on base; San Francisco 5 - Los Angeles 2
TOP OF THE 7TH
San Francisco Giants batting - Pitching for Los Angeles Dodgers : RHP Craig Fallon
Pitching: LHP J.P. Blair
Batting: SHB Bill Dooms 0-0: Swinging Strike
0-1: Ball
1-1: Called Strike
1-2: Foul Ball, location: 2F
1-2: Ground out 6-3 (Groundball, 56, EV 83.8 MPH)
Batting: LHB Mason Duffy 0-0: SINGLE (Line Drive, 9S, EV 104.4 MPH)
Batting: RHB Philip Jansen 0-0: Called Strike
0-1: Fly out, F7 (Flyball, 78XD, EV 88.1 MPH)
Batting: LHB Carey Horncole 0-0: Called Strike
0-1: SINGLE (Line Drive, 8LS, EV 103.8 MPH)
Mason Duffy to second
Runner from 2nd tries for 3rd, SAFE, throw by CF made to third
Batting: RHB Sean Zielinski 0-0: Ball
Carey Horncole is caught stealing 2nd base 2-4
Top of the 7th over - 0 runs, 2 hits, 0 errors, 1 left on base; San Francisco 5 - Los Angeles 2
BOTTOM OF THE 7TH
Los Angeles Dodgers batting - Pitching for San Francisco Giants : RHP Curt Howland
Batting: RHB John Piccolo 0-0: Called Strike
0-1: Foul Ball, location: 2F
0-2: Foul Ball, location: 2F
0-2: Ball
1-2: Foul Ball, location: 2F
1-2: Ball
2-2: Ball
3-2: SOLO HOME RUN (Flyball, 8LXD, EV 106.2 MPH), Distance : 425 ft
Pitching: LHP Tyler Stancil
Batting: SHB Benjamin Brown 0-0: Called Strike
0-1: Foul Ball, location: 2F
0-2: Strikes out swinging
Batting: RHB Wing-kit Bu 0-0: Ball
1-0: SINGLE (Line Drive, 5D, EV 101.9 MPH)
Batting: RHB Clay Buchanan 0-0: Swinging Strike
0-1: Ball
1-1: Called Strike
1-2: Ball
2-2: Strikes out looking
Batting: SHB Joel Baker 0-0: Called Strike
0-1: Foul Ball, location: 2F
0-2: Foul Ball, location: 2F
0-2: Strikes out looking
Bottom of the 7th over - 1 run, 2 hits, 0 errors, 1 left on base; San Francisco 5 - Los Angeles 3
TOP OF THE 8TH
San Francisco Giants batting - Pitching for Los Angeles Dodgers : LHP J.P. Blair
Batting: RHB Sean Zielinski 0-0: Swinging Strike
0-1: Called Strike
0-2: Ball
1-2: Strikes out swinging
Batting: LHB Jack Henningar 0-0: Foul Ball, location: 2F
0-1: SOLO HOME RUN (Flyball, 9LD, EV 94.4 MPH), Distance : 349 ft
Batting: RHB Lucan Esini 0-0: Foul Ball, location: 2F
0-1: Ball
1-1: Foul Ball, location: 2F
1-2: Ball
2-2: Foul Ball, location: 2F
2-2: Ball
3-2: Foul Ball, location: 2F
3-2: Foul Ball, location: 2F
3-2: Base on Balls
Batting: SHB Ryan Doss 0-0: Ball
1-0: Ground out 5-3 (Groundball, 56S, EV 60.6 MPH)
Lucan Esini to second
Batting: RHB Nate Hodson 0-0: Called Strike
0-1: Ball
1-1: Ground out 6-3 (Groundball, 6, EV 94.4 MPH)
Top of the 8th over - 1 run, 1 hit, 0 errors, 1 left on base; San Francisco 6 - Los Angeles 3
BOTTOM OF THE 8TH
Los Angeles Dodgers batting - Pitching for San Francisco Giants : LHP Tyler Stancil
Batting: LHB Lirak Bazhunaishvili 0-0: Foul Ball, location: 2F
0-1: Foul Ball, location: 2F
0-2: Strikes out swinging
Batting: SHB Shane Marcum 0-0: Ball
1-0: Foul Ball, location: 2F
1-1: Ball
2-1: SOLO HOME RUN (Flyball, 78XD, EV 108.8 MPH), Distance : 436 ft
Batting: RHB Danny Dyer 0-0: Called Strike
0-1: Swinging Strike
0-2: Ball
1-2: Ball
2-2: Foul Ball, location: 2F
2-2: Ball
3-2: Strikes out swinging
Batting: RHB Tsutomu Irie 0-0: Foul Ball, location: 2F
0-1: SINGLE (Groundball, 6M, EV 84.4 MPH) (infield hit)
Batting: RHB John Piccolo 0-0: Ball
1-0: Ball
2-0: DOUBLE (Line Drive, 89D, EV 104.4 MPH)
Tsutomu Irie to third
Runner from 3rd tries for Home, SAFE, throw by CF to home
Batting: SHB Benjamin Brown 0-0: Ball
1-0: Ball
2-0: Ball
3-0: Base on Balls
Batting: RHB Wing-kit Bu 0-0: Ball
1-0: DOUBLE (Line Drive, 7LD, EV 106.9 MPH)
John Piccolo scores
Benjamin Brown to third
Pitching: RHP Filip Nebylitsin
Batting: RHB Clay Buchanan 0-0: Called Strike
0-1: Ground out 6-3 (Groundball, 6, EV 82.5 MPH)
Bottom of the 8th over - 3 runs, 4 hits, 0 errors, 2 left on base; San Francisco 6 - Los Angeles 6
TOP OF THE 9TH
San Francisco Giants batting - Pitching for Los Angeles Dodgers : LHP J.P. Blair
Pitching: RHP Geoff Mooney
Batting: SHB Bill Dooms 0-0: Ball
1-0: Called Strike
1-1: Foul Ball, location: 2F
1-2: Ball
2-2: Ball
3-2: Foul Ball, location: 2F
3-2: Foul Ball, location: 2F
3-2: Fly out, F9 (Line Drive, 89M, EV 98.8 MPH)
Batting: LHB Mason Duffy 0-0: Called Strike
0-1: Ball
1-1: Ball
2-1: SINGLE (Groundball, 15S, EV 69.4 MPH) (infield hit)
Pinch Hitting: LHB Luis Magdaleno 0-0: Called Strike
0-1: Ball
1-1: Called Strike
1-2: Strikes out swinging
Batting: LHB Carey Horncole 0-0: Ball
1-0: Ball
Mason Duffy is caught stealing 2nd base 2-6
Top of the 9th over - 0 runs, 1 hit, 0 errors, 0 left on base; San Francisco 6 - Los Angeles 6
BOTTOM OF THE 9TH
Los Angeles Dodgers batting - Pitching for San Francisco Giants : RHP Filip Nebylitsin
Pitching: LHP Caleb Mullinax
Now in LF: Luis Magdaleno
Batting: SHB Joel Baker 0-0: Ball
1-0: Foul Ball, location: 2F
1-1: Foul Ball, location: 2F
1-2: Foul Ball, location: 2F
1-2: Ground out 6-3 (Groundball, 6, EV 79.4 MPH)
Batting: LHB Lirak Bazhunaishvili 0-0: Ball
1-0: Called Strike
1-1: Swinging Strike
1-2: Ball
2-2: Ball
3-2: Base on Balls
Batting: SHB Shane Marcum 0-0: SINGLE (Line Drive, 5D, EV 96.9 MPH)
Lirak Bazhunaishvili to second
Batting: RHB Danny Dyer 0-0: Swinging Strike
0-1: Swinging Strike
0-2: Foul Ball, location: 2F
0-2: Foul Ball, location: 2F
0-2: Ball
1-2: Strikes out swinging
Batting: RHB Tsutomu Irie 0-0: Called Strike
0-1: Called Strike
0-2: Ball
1-2: Ball
2-2: Foul Ball, location: 2F
2-2: Fielders Choice at 2nd, 5-4 (Groundball, 56, EV 93.1 MPH)
Bottom of the 9th over - 0 runs, 1 hit, 0 errors, 2 left on base; San Francisco 6 - Los Angeles 6
TOP OF THE 10TH
San Francisco Giants batting - Pitching for Los Angeles Dodgers : RHP Geoff Mooney
Batting: LHB Carey Horncole 0-0: Called Strike
0-1: Ball
1-1: Called Strike
1-2: Ball
2-2: Ground out 6-3 (Groundball, 6M, EV 78.1 MPH)
Batting: RHB Sean Zielinski 0-0: Ball
1-0: Foul Ball, location: 2F
1-1: Called Strike
1-2: Foul Ball, location: 2F
1-2: Fly out, F6 (Popup, P, EV 74.4 MPH)
Batting: LHB Jack Henningar 0-0: Called Strike
0-1: Ball
1-1: Ball
2-1: Called Strike
2-2: Ball
3-2: Foul Ball, location: 2F
3-2: Fly out, F7 (Flyball, 78S, EV 90.6 MPH)
Top of the 10th over - 0 runs, 0 hits, 0 errors, 0 left on base; San Francisco 6 - Los Angeles 6
BOTTOM OF THE 10TH
Los Angeles Dodgers batting - Pitching for San Francisco Giants : LHP Caleb Mullinax
Batting: RHB John Piccolo 0-0: Foul Ball, location: 2F
0-1: Ball
1-1: Hit by Pitch
Batting: SHB Benjamin Brown 0-0: SINGLE (Groundball, 6MD, EV 95.6 MPH)
John Piccolo to second
Batting: RHB Wing-kit Bu 0-0: Foul Ball, location: 2F
0-1: Foul Ball, location: 2F
0-2: Ball
1-2: Strikes out swinging
Batting: RHB Clay Buchanan 0-0: Ball
1-0: Ball
2-0: Called Strike
2-1: Foul Ball, location: 2F
2-2: Foul Ball, location: 2F
2-2: Strikes out looking
Batting: SHB Joel Baker 0-0: Called Strike
0-1: Fielders Choice at 2nd, 6-4 (Groundball, 6MD, EV 86.2 MPH)
Bottom of the 10th over - 0 runs, 1 hit, 0 errors, 2 left on base; San Francisco 6 - Los Angeles 6
TOP OF THE 11TH
San Francisco Giants batting - Pitching for Los Angeles Dodgers : RHP Geoff Mooney
Pitching: RHP Santiago Montero
Batting: RHB Lucan Esini 0-0: Ball
1-0: Called Strike
1-1: Called Strike
1-2: Strikes out swinging
Batting: SHB Ryan Doss 0-0: Swinging Strike
0-1: Ball
1-1: Ball
2-1: Ball
3-1: Ground out 4-3 (Groundball, 4, EV 90.0 MPH)
Batting: RHB Nate Hodson 0-0: Called Strike
0-1: Called Strike
0-2: Foul Ball, location: 2F
0-2: Ball
1-2: Ball
2-2: Foul Ball, location: 2F
2-2: Fly out, F9 (Flyball, 89S, EV 72.5 MPH)
Top of the 11th over - 0 runs, 0 hits, 0 errors, 0 left on base; San Francisco 6 - Los Angeles 6
BOTTOM OF THE 11TH
Los Angeles Dodgers batting - Pitching for San Francisco Giants : LHP Caleb Mullinax
Pitching: LHP Chris Moris
Batting: LHB Lirak Bazhunaishvili 0-0: Called Strike
0-1: Called Strike
0-2: Ball
1-2: Ball
2-2: Foul Ball, location: 2F
2-2: Foul Ball, location: 2F
2-2: Foul Ball, location: 2F
2-2: SINGLE (Groundball, 34D, EV 103.1 MPH) (infield hit)
Batting: SHB Shane Marcum 0-0: Called Strike
0-1: Ball
1-1: Swinging Strike
1-2: Ball
Wild Pitch!
Lirak Bazhunaishvili to second
2-2: Strikes out swinging
Batting: RHB Danny Dyer 0-0: Ball
1-0: Called Strike
1-1: Swinging Strike
1-2: Fly out, F9 (Flyball, 89M, EV 89.4 MPH)
Runner from 2nd tags up, SAFE at 3rd with throw by RF
Batting: RHB Tsutomu Irie 0-0: Swinging Strike
0-1: Ball
1-1: Foul Ball, location: 2F
1-2: Ball
2-2: Ball
3-2: Foul Ball, location: 2F
3-2: Base on Balls
Batting: RHB John Piccolo 0-0: Ball
1-0: SINGLE (Groundball, 34D, EV 110.0 MPH)
Lirak Bazhunaishvili scores
Bottom of the 11th over - 1 run, 2 hits, 0 errors, 1 left on base; San Francisco 6 - Los Angeles 7
Sunday, July 16th , 2023 - OOTP Baseball 24.6 Build 69